 Dungeon Crawl Stone Soup version 0.32-a0-913-g739538afd8 (webtiles) character file.

Game seed: 14820108100481798680

4668 GeoRichter the Destroyer (level 10, -8/94 HPs)
             Began as a Naga Hedge Wizard on Apr 9, 2024.
             Was a Priest of Cheibriados.
             Mangled by a warg (18 damage)
             ... on level 10 of the Dungeon.
             The game lasted 00:21:50 (11674 turns).

GeoRichter the Destroyer (Naga Hedge Wizard)       Turns: 11674, Time: 00:21:50

Health: -8/94      AC: 10    Str: 28    XL:     10   Next: 44%
Magic:  0/19       EV: 14    Int: 29    God:    Cheibriados [***...]
Gold:   139        SH:  0    Dex: 13    Spells: 15/21 levels left

rFire   + . .        s - +11 rapier "Teebucessa" {flame, +Blink rF+ rN+ Int+2 Dex-5}
rCold   . . .        (no shield)
rNeg    + . .        z - +2 robe {Will+}
rPois   +            c - +0 hat
rElec   +            H - +0 cloak of Pessimism {rElec Will+}
rCorr   .            G - +2 pair of gloves "Mol Tos" {Str+7 Stlth-}
SInv    +            (no barding)
Will    +++..        j - amulet of guardian spirit
Stlth   ++           g - +5 ring of evasion
HPRegen 0.35/turn    (no ring)
MPRegen 0.16/turn

%: guardian spirit
@: very slow
A: AC +3, large, see invisible, deformed body, poison resistance, slowness 2,
spit poison 1, naga tail 1
a: Spit Poison, Renounce Religion, Evoke Blink, Bend Time, Temporal Distortion


You were on level 10 of the Dungeon.
You worshipped Cheibriados.
Cheibriados was most pleased with you.
You visited 2 branches of the dungeon, and saw 11 of its levels.

You collected 551 gold pieces.
You spent 412 gold pieces at shops.

Inventory:

Hand Weapons
 f - a +2 dagger of venom
   (You found it on level 4 of the Dungeon)
 s - the +11 rapier "Teebucessa" (weapon) {flame, +Blink rF+ rN+ Int+2 Dex-5}
   (You found it on level 6 of the Dungeon)

   Int+2:     It affects your intelligence (+2).
   Dex-5:     It affects your dexterity (-5).
   rF+:       It protects you from fire.
   rN+:       It protects you from negative energy.
   +Blink:    It lets you blink.
Missiles
 a - 2 throwing nets {!f}
Armour
 c - a +0 hat (worn)
 u - +0 steam dragon scales
   (You found it on level 6 of the Dungeon)
 z - a +2 robe of willpower (worn)
   (You found it on level 8 of the Dungeon)
 G - the +2 pair of gloves "Mol Tos" (worn) {Str+7 Stlth-}
   (You bought it in a shop on level 9 of the Dungeon)

   Str+7:     It affects your strength (+7).
   Stlth-:    It makes you less stealthy.
 H - the +0 cloak of Pessimism (worn) {rElec Will+}
   (You bought it in a shop on level 9 of the Dungeon)

   rElec:     It insulates you from electricity.
   Will+:     It increases your willpower.
Magical Staves
 h - a staff of air
   (You found it on level 1 of the Dungeon)
Jewellery
 g - a +5 ring of evasion (left hand)
   (You found it on level 1 of the Dungeon)
 j - an amulet of guardian spirit (around neck)
   (You found it on level 1 of the Dungeon)
Wands
 e - a wand of flame (16)
   (You found it on level 7 of the Dungeon)
 p - a wand of warping (12)
   (You found it on level 5 of the Dungeon)
Scrolls
 o - 2 scrolls of amnesia {unknown}
 t - 3 scrolls of identify {@r1}
 v - a scroll of fog {unknown}
 w - a scroll of butterflies {unknown}
 y - a scroll of noise {unknown}
 A - a scroll of brand weapon {unknown}
 B - a scroll of teleportation {@r4}
 C - a scroll of poison {unknown}
 E - a scroll of revelation {unknown}
Potions
 b - 2 potions of resistance {unknown}
 d - 2 potions of invisibility {unknown}
 k - 3 potions of curing {@q1}
 l - 3 potions of haste {unknown}
 m - 2 potions of mutation {!q}
 n - 6 potions of heal wounds {@q2}
 q - a potion of ambrosia {unknown}
 r - a potion of lignification {unknown}
Miscellaneous
 F - a phantom mirror
   (You found it on level 9 of the Dungeon)


   Skills:
 * Level 7.1 Fighting
 - Level 1.5 Dodging
 - Level 6.0 Stealth
 - Level 6.0 Spellcasting
 - Level 8.0 Conjurations
 - Level 4.1 Summonings
 - Level 1.0 Translocations
 - Level 7.3 Alchemy
 + Level 3.3 Invocations


You had 15 spell levels left.
You knew the following spells:

 Your Spells              Type           Power      Damage    Failure   Level
a - Magic Dart            Conj           100%       1d8       1%          1
b - Mephitic Cloud        Conj/Alch/Air  38%        N/A       1%          3
c - Call Imp              Summ           66%        N/A       1%          2

Your spell library contained the following spells:

 Spells                   Type           Power      Damage    Failure   Level
 Mercury Vapours          Alch/Air       58%        N/A       1%          2
 Cigotuvi's Dreadful Rot  Necr/Alch/Air  44%        N/A       3%          2
 Slow                     Hex            32%        N/A       5%          1
 Blink                    Tloc           28%        N/A       5%          2
 Freezing Cloud           Conj/Ice/Air   12%        6-21      47%         5


Dungeon Overview and Level Annotations

Branches:
Dungeon (10/15) Zot: 40314  Temple (1/1) D:5 Zot: 8997
   Lair: D:8-11         Orc: D:9-12

Altars:
Ashenzari
Cheibriados
Dithmenos
Elyvilon
Fedhas
Gozag
Hepliaklqana
Kikubaaqudgha
Makhleb
Nemelex Xobeh
Okawaru
Qazlal
Ru
Sif Muna
Trog
Uskayaw
Vehumet
Wu Jian
Xom
Yredelemnul
Zin
The Shining One

Shops:
D:1 :   D:7 *   D:9 [

Annotations:
D:8 2 exclusions
D:10 Sonja


Innate Abilities, Weirdness & Mutations

Your serpentine skin is tough. (AC +3)
You have supernaturally acute eyesight. (SInv)
Armour fits poorly on your strangely shaped body.
Your system is resistant to poisons. (rPois)
You cover ground very slowly.
You can spit poison.
You have a snake-like lower body.


Message History

Sonja is engulfed in noxious fumes.
Sonja appears confused.
The orc priest grins madly.
The warg bites you!
* * * LOW HITPOINT WARNING * * *
Sonja hits the orc priest with a +0 short sword of venom.
The orc priest is poisoned.
Sonja hits the orc priest with a +0 short sword of venom.
The orc priest looks as sick as possible!
Sonja hits the orc priest with a +0 short sword of venom.
The orc priest looks as sick as possible!
The orc priest is engulfed in noxious fumes.
The orc priest suddenly jeers, as Orcs often do.
The warg misses you.
Sonja barely misses the warg.
Sonja closely misses the warg.
Sonja hits the warg with a +0 short sword of venom.
The orc priest is engulfed in noxious fumes.
The warg barely misses you.
Okay, then.
As you read the scroll of fear, it crumbles to dust.
You assume a fearsome visage.
The orc priest looks frightened!
The warg easily resists.
The orc wizard looks frightened!
Sonja looks frightened!
The orc priest looks frightened! x3
The orc looks frightened! x2; The orc priest looks frightened!
The orc priest seems less confused.
The orc priest dies!
Cheibriados appreciates the change of pace.
Sonja hits the orc priest with a +0 short sword of venom.
Sonja's attack snaps the orc priest out of its fear.
Sonja hits the orc priest with a +0 short sword of venom.
The orc priest is poisoned.
Sonja barely misses the orc priest.
The warg stops to sniff the ground.
The warg barely misses you.
The orc priest is engulfed in noxious fumes.
The orc priest appears confused.
The orc priest says, "Why is everything spinning?"
The orc priest hits Sonja with a +0 dagger.
Sonja hits the orc with a +0 short sword of venom!
The orc is killed!
Cheibriados appreciates the change of pace.
Sonja hits the orc priest with a +0 short sword of venom.
The orc priest is killed!
Cheibriados appreciates the change of pace.
Sonja hits herself with a +0 short sword of venom. x2
Sonja is poisoned.
Sonja hits herself with a +0 short sword of venom!
The warg bites you!!
* * * LOW HITPOINT WARNING * * *
The warg bites you!!
You die...
Cheibriados appreciates the motionlessness of death. .........?# .o..o.... .o...o. o.).. oo)

#K# #.# # #h# #. #@#
#.### ##.# ...# #.[#
###.###### ##'######
#........### #.......#
...........###.#####.#
#.[......#..##.#
#........##.##<#
##.########..'.#


You could see a warg, Sonja (confused, fleeing, very poisoned), 2 orc priests
and an orc wizard (invisible, fleeing).

Vanquished Creatures
  Prince Ribbit (D:7)
  A hornet (D:7)
  Grinder (D:3)
  2 wyverns
  An acid dragon (D:10)
  A water moccasin (D:9)
  2 black bears
  2 orc warriors
  3 ice beasts
  2 ogres
  A wolf (D:10)
  A phantom (D:5)
  3 centaurs
  4 kobold brigands
  2 scorpions
  A burial acolyte (D:7)
  2 wights (D:9)
  6 killer bees (D:9)
  A bombardier beetle (D:4)
  7 hounds
  A gnoll bouda (D:4)
  2 jellies (D:7)
  4 orc priests
  An iguana (D:4)
  13 orc wizards
  A sleepcap (D:4)
  2 hound zombies (D:7)
  A mummy (D:5)
  8 gnolls
  7 adders
  3 shadow imps
  2 white imps
  2 ufetubi
  An adder zombie (D:7)
  3 dart slugs
  A ribbon worm (D:6)
  42 orcs
  9 endoplasms
  2 giant cockroaches
  2 gnoll zombies (D:7)
  5 goblins
  10 hobgoblins
  8 jackals
  7 quokkas
  7 ball pythons
  6 bats
  2 frilled lizards (D:1)
  A hobgoblin zombie (D:5)
  19 kobolds
  2 kobold zombies
  2 orc zombies (D:5)
  3 rats
223 creatures vanquished.

Vanquished Creatures (collateral kills)
  A steam dragon (D:6)
  An ice beast (D:8)
  A wight (D:9)
  A killer bee (D:9)
  An orc priest (D:10)
  A gnoll zombie (D:7)
  2 kobolds (D:8)
8 creatures vanquished.

Grand Total: 231 creatures vanquished

Notes
Turn   | Place    | Note
-------+----------+-------------------------------------------
     0 | D:1      | GeoRichter the Naga Hedge Wizard began the quest for the
                  | Orb.
     0 | D:1      | Reached XP level 1. HP: 15/15 MP: 4/4
   394 | D:1      | Found Ciluub's Vocational Training.
   461 | D:1      | Reached XP level 2. HP: 15/22 MP: 1/6
  1156 | D:2      | Found a faded altar of an unknown god.
  1184 | D:2      | Reached skill level 5 in Stealth
  1210 | D:2      | Reached XP level 3. HP: 28/28 MP: 7/7
  2070 | D:2      | Reached XP level 4. HP: 34/36 MP: 0/8
  2385 | D:3      | Reached skill level 2 in Conjurations
  2655 | D:3      | Noticed Grinder
  2961 | D:4      | Reached skill level 3 in Conjurations
  2961 | D:4      | Reached XP level 5. HP: 13/42 MP: 1/9
  3758 | D:4      | Reached skill level 4 in Conjurations
  3936 | D:4      | Reached XP level 6. HP: 26/49 MP: 0/10
  4116 | D:3      | Killed Grinder
  4117 | D:3      | Reached skill level 6 in Conjurations
  4117 | D:3      | Reached XP level 7. HP: 34/55 MP: 2/11
  4526 | D:3      | Learned a level 3 spell: Mephitic Cloud
  4942 | D:4      | Reached skill level 1 in Alchemy
  5520 | D:5      | Entered Level 5 of the Dungeon
  5622 | D:5      | Reached skill level 5 in Alchemy
  5638 | D:4      | Reached XP level 8. HP: 23/62 MP: 0/12
  6227 | D:5      | Reached skill level 1 in Fighting
  6230 | D:5      | Learned a level 2 spell: Call Imp
  6623 | D:5      | Found a staircase to the Ecumenical Temple.
  6691 | Temple   | Entered the Ecumenical Temple
  6791 | D:5      | Found a glowing golden altar of the Shining One.
  6960 | D:5      | Found a sparkling altar of Nemelex Xobeh.
  7386 | D:6      | Identified the +11 rapier "Teebucessa" {flame, +Blink rF+
                  | rN+ Int+2 Dex-5}
  7415 | D:6      | Found a snail-covered altar of Cheibriados.
  7431 | D:6      | Became a worshipper of Cheibriados the Contemplative
  7724 | D:6      | Reached XP level 9. HP: 46/70 MP: 6/15
  7901 | D:6      | Reached skill level 7 in Conjurations
  8119 | D:6      | Found a burning altar of Makhleb.
  8119 | D:6      | Noticed a cacodemon
  8150 | D:7      | Noticed a hornet
  8261 | D:6      | Reached * piety under Cheibriados
  8356 | D:7      | Found an ancient bone altar of Kikubaaqudgha.
  8622 | D:7      | Killed a hornet
  8623 | D:7      | Reached skill level 5 in Spellcasting
  8693 | D:7      | Reached skill level 8 in Conjurations
  8711 | D:7      | Found Xiej's General Store.
  8719 | D:7      | Bought a potion of heal wounds for 70 gold pieces
  8970 | D:7      | Noticed Prince Ribbit
  8976 | D:7      | Killed Prince Ribbit
  9173 | D:7      | Found a hide-covered altar of Uskayaw.
  9174 | D:7      | Found a sacrificial altar of Ru.
  9406 | D:8      | Reached ** piety under Cheibriados
  9821 | D:8      | Noticed a manticore
  9821 | D:8      | Noticed a skeletal warrior
 10005 | D:8      | Noticed a green ugly thing
 10005 | D:8      | Noticed a cyclops
 10228 | D:8      | Reached skill level 5 in Fighting
 10228 | D:8      | Reached XP level 10. HP: 59/88 MP: 7/19
 10538 | D:9      | Found a white marble altar of Elyvilon.
 10544 | D:9      | Reached skill level 1 in Invocations
 10940 | D:9      | Reached *** piety under Cheibriados
 11228 | D:9      | Found a basalt altar of Yredelemnul.
 11344 | D:9      | Found Fautiacuu's Antique Armour Emporium.
 11352 | D:9      | Bought a pair of faintly humming gloves for 171 gold pieces
 11352 | D:9      | Identified the +2 pair of gloves "Mol Tos" {Str+7 Stlth-}
                  | (You bought it in a shop on level 9 of the Dungeon)
 11352 | D:9      | Bought a bloodstained cloak for 171 gold pieces
 11352 | D:9      | Identified the +0 cloak of Pessimism {rElec Will+} (You
                  | bought it in a shop on level 9 of the Dungeon)
 11581 | D:10     | Entered Level 10 of the Dungeon
 11589 | D:10     | Found a broken altar of Ashenzari.
 11665 | D:10     | Noticed Sonja
 11674 | D:10     | Mangled by a warg

Illustrated notes

Levels and vault maps discovered:
D:1:      onia_arrival_mini_spirals, layout_basic, minmay_hedge_maze,
          nicolae_shop_vocational
D:2:      layout_basic, ebering_ecumenical_altar_abandoned, minmay_between
D:3:      layout_basic, uniq_grinder
D:4:      layout_basic, grunt_decor_fettered, grunt_ministairs_15
D:5:      layout_cave_pools, kennysheep_mini_moat, kennysheep_mini,
          minmay_temple_entry_glassed_door,
          serial_library_hellmonk_small_corner, minmay_mini_ossuary
D:6:      lemuel_ice_spiral_2, layout_basic, cheibrodos_worm_habitat,
          makhleb_altar_promises_db
D:7:      layout_basic, regret_index_kikubaaqudgha_part_by_part,
          jmf_multi_god_temple, serial_shops, shop, uniq_prince_ribbit1
D:8:      minmay_bloctagon_deflated, layout_basic, minmay_misc_feat_iff
D:9:      layout_gridville, mainiacjoe_overflow_six_doors_small,
          old_standard_altar, serial_shops, nicolae_shop_window_shopping,
          minmay_misc_feat_alley
D:10:     layout_roguey, lemuel_tele_altar, erik_lair_orcish_takeover,
          serial_shops, nicolae_shop_hallway_plus, uniq_nergalle, uniq_sonja
Temple:   nicolae_temple_slightly_damp_pantheon

Skill      XL: |  1  2  3  4  5  6  7  8  9 10 |
---------------+-------------------------------+-----
Stealth        | 4 5 6 |  6.0
Conjurations   | 3 4 6 8 |  8.0
Alchemy        | 5 7 |  7.3
Fighting       | 1 5 7 |  7.1
Summonings     | 4 |  4.1
Spellcasting   | 4 6 |  6.0
Invocations    | 3 |  3.3
Dodging        | |  1.5
Translocations | |  1.0

Action                     |  1- 3 |  4- 6 |  7- 9 | 10-12 || total
---------------------------+-------+-------+-------+-------++-------
  Melee: Dagger            |    34 |    91 |   157 |       ||   282
         Rapier            |       |       |   141 |    64 ||   205
   Cast: Magic Dart        |    79 |   113 |   225 |    51 ||   468
         Mephitic Cloud    |       |       |    10 |     4 ||    14
         Call Imp          |       |       |    14 |     5 ||    19
Ability: Spit Poison       |       |       |     8 |       ||     8
    Use: Scroll            |       |     7 |     3 |     1 ||    11
         Potion            |       |     3 |     2 |       ||     5
   Stab: Sleeping          |     3 |     2 |       |     1 ||     6
         Confused          |       |       |     4 |     1 ||     5
         Distracted        |       |       |       |     1 ||     1
 Armour: Robe              |    26 |    89 |   157 |    49 ||   321
         Steam dragon scal |       |       |   106 |       ||   106
  Dodge: Dodged            |    51 |   110 |   307 |    64 ||   532

Table legend: (Time is in decaauts)
 A = Elapsed time spent in this place.
 B = Non-inter-level travel time spent in this place.
 C = Inter-level travel time spent in this place.
 D = Time resting spent in this place.
 E = Time spent auto-exploring this place.
 F = Levels seen in this place.
 G = Mean time per level.
                   A        B        C        D        E       F      G
               +--------+--------+--------+--------+--------+-----+--------+
         Total |  15424 |  14912 |    512 |    931 |  11105 |  11 | 1402.2 |
       Dungeon |  15422 |  14911 |    511 |    931 |  11105 |  10 | 1542.2 |
        Temple |      1 |      1 |      0 |      0 |      0 |   1 |    1.0 |
               +--------+--------+--------+--------+--------+-----+--------+

Top non-repeatable levels by time:
     D:4: 2789 daAuts
     D:8: 1915 daAuts
     D:9: 1775 daAuts
     D:6: 1653 daAuts
     D:2: 1648 daAuts
     D:7: 1492 daAuts
     D:5: 1446 daAuts
     D:1: 1260 daAuts
     D:3: 1256 daAuts
    D:10: 183 daAuts
  Temple: 1 daAuts
